 Dungeon Crawl Stone Soup version 0.30-a0-122-g2a1322497e (webtiles) character file.

Game seed: 2633153079438967709

33 Engwar the Caller (level 3, 0/14 HPs)
             Began as a Felid Summoner on Sept 17, 2022.
             Killed from afar by Natasha (9 damage)
             ... with a magic dart
             ... on level 2 of the Dungeon.
             The game lasted 00:06:57 (1665 turns).

Engwar the Caller (Felid Summoner)                  Turns: 1665, Time: 00:06:57

Health: 0/14       AC:  1    Str:  4    XL:     3   Next: 12%
Magic:  1/8        EV: 17    Int: 18    God:
Gold:   56         SH:  0    Dex: 16    Spells: 1/7 levels left
                                        Lives:  0   Deaths: 0

rFire   . . .      SeeInvis +    (weapon unavailable)
rCold   . . .      Faith    .    (shield unavailable)
rNeg    . . .      Spirit   .    (body armour unavailable)
rPois   .          Reflect  .    (helmet unavailable)
rElec   .          Harm     .    (cloak unavailable)
rCorr   .          Rampage  .    (gloves unavailable)
Will    .....                    (boots unavailable)
Stlth   ++........               (no amulet)
HPRegen 0.04/turn                (no ring)
MPRegen 0.11/turn                (no ring)

@: quick
A: very small, claws 1, fangs 3, see invisible, speed 1, shaggy fur 1, stealthy
paws, no weapons or thrown items, no armour, multi-lived
a: no special abilities


You were on level 2 of the Dungeon.
You visited 1 branch of the dungeon, and saw 2 of its levels.

You collected 56 gold pieces.

Inventory:

Jewellery
 e - a ring of fire
 f - a ring of protection from cold
Scrolls
 b - a scroll of teleportation {unknown}
 d - a scroll of enchant armour {unknown}
 h - a scroll of brand weapon {unknown}
 i - 2 scrolls of amnesia {unknown}
 j - a scroll of blinking {unknown}
 k - a scroll of enchant weapon {unknown}
Potions
 a - a potion of magic
 c - a potion of mutation
 g - a potion of degeneration {unknown}


   Skills:
 - Level 2.6 Dodging
 - Level 2.6 Stealth
 + Level 2.7 Spellcasting
 + Level 4.5 Summonings


You had one spell level left.
You knew the following spells:

 Your Spells              Type           Power      Damage    Failure   Level
a - Summon Small Mammal   Summ           72%        N/A       2%          1
b - Call Imp              Summ           18%        N/A       3%          2
c - Call Canine Familiar  Summ           18%        N/A       8%          3

Your spell library contained the following spells:

 Spells                   Type           Power      Damage    Failure   Level
 Summon Guardian Golem    Hex/Summ       10%        N/A       21%         3
 Summon Lightning Spire   Summ/Air       10%        N/A       54%         4
 Freezing Cloud           Conj/Ice/Air   1%         6-21      99%         5
 Simulacrum               Ice/Necr       1%         N/A       100%        6
 Polar Vortex             Ice            1%         N/A       100%        9


Dungeon Overview and Level Annotations

Branches:
Dungeon (2/15)

Altars:

Annotations:
D:2 Natasha


Innate Abilities, Weirdness & Mutations

You have sharp claws.
You have razor-sharp teeth.
You have supernaturally acute eyesight. (SInv)
You cover ground quickly. (Speed+)
You are covered in fur. (AC +1)
Your paws help you pounce on unaware monsters.
You are incapable of wielding weapons or throwing items.
You cannot wear armour.
You gain extra lives every three experience levels.


Message History

Your hound closely misses Natasha.
Natasha claws your hound.
Your hound bites Natasha.
Your hound bites Natasha.
Natasha stares at you and mumbles some strange words.
The magic dart hits your hound!
Your hound dies!
Your hound's corpse disappears in a puff of smoke!
Casting: Call Canine Familiar (astonishingly dangerous; 8% risk of failure)
Confirm with . or Enter, or press ? or * to list all spells.
Natasha claws your hound.
Your hound bites Natasha but does no damage.
Your hound bites Natasha.
Natasha drinks a potion.
Natasha is healed!
Your hound closely misses Natasha.
Natasha closely misses your hound.
Your hound bites Natasha.
Your hound barely misses Natasha.
Natasha claws your hound.
Your hound closely misses Natasha.
Natasha claws your hound.
Your hound bites Natasha. x2
Natasha casts a spell.
Your hound misses Natasha. Natasha claws your hound!
Your hound dies!
Your hound's corpse disappears in a puff of smoke!
The white imp gestures at you. The puff of frost hits you.
Natasha hisses angrily.
Casting: Call Canine Familiar (astonishingly dangerous; 8% risk of failure)
Confirm with . or Enter, or press ? or * to list all spells.
What are your orders? t - Meow!
Orders for allies: a - Attack new target. p - Attack previous target. r - Retreat! s - Stop attacking. g - Guard the area. f - Follow me.
Anything else - Cancel.
Gang up on whom?
Press: ? - help, Dir - move target, f/p - Natasha
Aim: Natasha (black smoke, severely wounded) Attack!
Natasha casts a spell at you. The magic dart hits you!
Ouch! That really hurt!
You die...

###...# ...... ########
#### ..... #....... #
+... .#....... ####. ...
...........
.....##+.+####...#.......
.......§h...#....P.......
.......§.5......P♣.......
............#.♣♣♣..P.....
........@.h..PP♣♣♣.PP...#
.............P♣♣ ♣♣P♣...#
..............♣ ♣PP...#
#######......P♣♣ ♣♣..P..#
#+#...P♣.♣ PP.....#
##....PP ♣PP....#
#...#...♣.P.>..#
#...##$.P......#
#...######.....#


You could see Natasha (ally target), a white imp (summoned) and a friendly hound
(summoned).

Vanquished Creatures
  A hobgoblin (D:2)
  3 ball pythons
  2 bats
  A rat (D:1)
7 creatures vanquished.

Vanquished Creatures (collateral kills)
  2 endoplasms
  A giant cockroach (D:1)
  4 goblins (D:1)
  5 hobgoblins
  6 kobolds
  3 ball pythons
  3 rats (D:1)
24 creatures vanquished.

Vanquished Creatures (others)
  2 plants (D:1)
2 creatures vanquished.

Grand Total: 33 creatures vanquished

Notes
Turn   | Place    | Note
-------+----------+-------------------------------------------
     0 | D:1      | Engwar the Felid Summoner began the quest for the Orb.
     0 | D:1      | Reached XP level 1. HP: 7/7 MP: 4/4
   110 | D:1      | Reached XP level 2. HP: 11/11 MP: 3/6
   113 | D:1      | Learned a level 2 spell: Call Imp
  1478 | D:2      | Reached XP level 3. HP: 14/14 MP: 2/8
  1489 | D:2      | Learned a level 3 spell: Call Canine Familiar
  1643 | D:2      | Noticed Natasha
  1665 | D:2      | Killed from afar by Natasha

Illustrated notes

Levels and vault maps discovered:
D:1:      eino_arrival_cavern_a, layout_basic, serial_rivers,
          chequers_serial_rivers_small_b, chequers_serial_rivers_micro_e,
          chequers_serial_rivers_micro_a, chequers_serial_rivers_room_a,
          chequers_serial_rivers_micro_e, serial_bayou_pond_b, corner_web_ring
D:2:      layout_basic, serial_forest, infiniplex_forest_corner_1,
          infiniplex_forest_clump_large, infiniplex_forest_clump_double,
          infiniplex_forest_straight_3, infiniplex_forest_lined_4_way,
          infiniplex_forest_corner_1, infiniplex_forest_clump_small,
          serial_bayou_pond_e, st_stairs_5, uniq_natasha,
          uniq_crazy_yiuf_cottage

Action                   || total
-------------------------++-------
Melee: Unarmed           ||    14
       Bite              ||     1
 Cast: Summon Small Mamm ||    23
       Call Imp          ||     9
       Call Canine Famil ||     3
  Use: Scroll            ||     1
 Stab: Sleeping          ||     3
Armor: Skin              ||     5
Dodge: Dodged            ||    25

Table legend: (Time is in decaauts)
 A = Elapsed time spent in this place.
 B = Non-inter-level travel time spent in this place.
 C = Inter-level travel time spent in this place.
 D = Time resting spent in this place.
 E = Time spent auto-exploring this place.
 F = Levels seen in this place.
 G = Mean time per level.
                   A        B        C        D        E       F      G
               +--------+--------+--------+--------+--------+-----+--------+
         Total |   1453 |   1442 |     11 |    117 |    997 |   2 |  726.5 |
       Dungeon |   1453 |   1442 |     11 |    117 |    997 |   2 |  726.5 |
               +--------+--------+--------+--------+--------+-----+--------+

Top non-repeatable levels by time:
     D:1: 1166 daAuts
     D:2: 287 daAuts
